Influenza vs Blackdemons
Created - March 3, 2018 at 20:01
Goals
|
Influenza |
0 |
1 |
0 |
1 |
Blackdemons |
1 |
1 |
1 |
3 |
|
Shots
|
Influenza |
17 |
9 |
9 |
35 |
Blackdemons |
12 |
18 |
6 |
36 |
|
1st period
1. Blackdemons , Patrice Cormier 26 (Andy McDonald 33) at 11:45
Penalties :
Beau Bennett (VJB) for Hooking (Minor) at 12:17
2nd period
2. Blackdemons , Sergei Plotnikov 13 (Alexandre Grenier 13) at 8:33
3. Influenza , Mark Scheifele 35 (T.J Galiardi 38) at 8:45
Penalties :
Tim Erixon (VJB) for Delaying the game (Minor) at 2:49, Jeremy Morin (VJB) for High sticking (Minor) at 12:38, Keaton Ellerby (MJM) for Tripping (Minor) at 17:56, Matt Hackett (MJM) for Delaying the game (Minor) at 18:13 - Mathew Dumba served the penalty
3rd period
4. Blackdemons , Ronalds Kenins 21 (Ales Kotalik 40, Martin Hanzal 49) at 9:20
Penalties :
Jeff May (VJB) for Tripping (Minor) at 0:43, Beau Bennett (VJB) for Hooking (Minor) at 5:35
Goalie Stats
Thomas McCollum (VJB), 33 saves from 36 shots - (0.917), L, 30-12-3, 60:00 minutes
Matt Hackett (MJM), 34 saves from 35 shots - (0.971), W, 25-15-3, 60:00 minutes
Players Stats for Influenza
Player Name G A P +/- PIM S H SB GA TA FO MP PP MP PK MP
------------------------------------------------------------------------------------
Beau Bennett 0 0 0 -1 4 6 3 0 0 0 1/2 16:48 0:48 1:20
Charlie Coyle 0 0 0 -1 0 1 0 1 0 0 1/7 14:26 0:00 0:00
Dmitry Sinitsyn 0 0 0 0 0 0 0 1 0 0 0/0 12:59 0:00 0:00
Garnet Hathaway 0 0 0 -1 0 2 0 0 1 0 0/0 9:33 0:00 0:00
Iiro Pakarinen 0 0 0 0 0 1 1 0 1 0 0/0 11:08 0:00 2:48
Jeff May 0 0 0 -1 2 3 0 1 0 1 0/0 20:51 0:47 4:05
Jeremy Morin 0 0 0 0 2 4 3 0 0 0 0/2 21:05 1:28 3:59
Jimmy Vesey 0 0 0 -1 0 0 2 1 2 0 0/0 15:14 0:48 0:00
Johan Larsson 0 0 0 0 0 0 3 0 0 0 0/0 8:27 0:00 0:33
Jordan Schroeder 0 0 0 0 0 2 0 0 0 0 0/3 8:27 0:00 0:19
Lane MacDermid 0 0 0 -1 0 4 2 1 1 0 0/0 13:35 1:28 2:29
Mark Olver 0 0 0 -1 0 0 0 1 0 0 3/11 14:56 0:48 4:48
Mark Scheifele 1 0 1 0 0 4 2 1 1 0 13/23 20:46 1:28 3:34
Mathieu Carle 0 0 0 -3 0 1 4 3 0 3 0/0 26:37 1:29 5:47
Matt Corrente 0 0 0 1 0 1 1 0 1 0 0/0 20:48 1:29 4:08
Paul Ladue 0 0 0 1 0 1 2 1 0 0 0/0 20:52 0:47 5:05
T.J Galiardi 0 1 1 0 0 4 2 0 0 0 1/1 15:32 0:00 0:00
Tim Erixon 0 0 0 -2 2 1 3 4 0 2 0/0 17:56 0:00 0:45
Players Stats for Blackdemons
Player Name G A P +/- PIM S H SB GA TA FO MP PP MP PK MP
------------------------------------------------------------------------------------
Ales Kotalik 0 1 1 0 0 3 4 0 0 0 1/1 18:25 4:29 0:00
Alexandre Grenier 0 1 1 1 0 3 0 0 1 1 0/0 13:38 0:00 0:00
Andy McDonald 0 1 1 1 0 3 1 0 1 2 0/0 17:12 4:29 0:00
Blake Pietila 0 0 0 0 0 1 1 0 0 0 0/0 7:24 0:00 0:00
Branko Radivojevic 0 0 0 1 0 3 2 0 0 0 1/1 18:06 5:26 0:00
Brett Kulak 0 0 0 0 0 0 0 1 0 0 0/0 5:43 0:00 0:35
Calvin de Haan 0 0 0 1 0 2 0 1 0 0 0/0 21:38 4:24 1:40
Charles-Olivier Roussel 0 0 0 2 0 0 1 0 1 0 0/0 12:06 0:00 1:10
Jeffrey Foss 0 0 0 2 0 0 0 2 0 0 0/0 11:16 0:00 0:00
Keaton Ellerby 0 0 0 -1 2 1 1 5 0 1 0/0 21:54 5:31 0:04
Klas Dahlbeck 0 0 0 0 0 0 0 2 0 0 0/0 4:44 0:00 0:36
Kyle Rau 0 0 0 1 0 1 0 2 0 1 6/7 13:38 0:00 0:00
Martin Hanzal 0 1 1 0 0 4 3 0 1 1 12/18 19:24 5:26 0:00
Mathew Dumba 0 0 0 -1 0 1 2 1 1 0 0/0 22:47 5:31 0:17
Max Friberg 0 0 0 0 0 0 1 0 0 0 0/0 7:49 0:00 0:25
Patrice Cormier 1 0 1 1 0 4 0 1 0 0 9/18 18:34 4:29 1:25
Roman Josi 0 0 0 1 0 1 3 0 0 0 0/0 20:02 4:24 0:13
Ronalds Kenins 1 0 1 0 0 4 4 1 0 0 1/2 20:00 5:26 0:31
Scott Timmins 0 0 0 0 0 0 0 0 0 0 0/2 8:02 0:00 0:26
Sergei Plotnikov 1 0 1 1 0 5 0 0 1 1 0/0 13:39 0:00 0:00
3 Stars
1 - Matt Hackett (MJM)
2 - Ronalds Kenins (MJM)
3 - Patrice Cormier (MJM)
Power Play
Influenza - 0 on 2 Attempt(s) - 0.00%
Blackdemons - 0 on 5 Attempt(s) - 0.00%
Penalty Kill
Influenza - 5 on 5 Attempt(s) - 100.00%
- Score 0 goal in Penalty Kill
Blackdemons - 2 on 2 Attempt(s) - 100.00%
- Score 0 goal in Penalty Kill
Team Stat
Influenza - Hits : 28 - Faceoff Wins : 19 - Blocked Shots : 15 - Penalty Minutes : 10
Blackdemons - Hits : 23 - Faceoff Wins : 30 - Blocked Shots : 16 - Penalty Minutes : 4
Official
Referees : Martell Rob and Charron Francis
Linesman : Scott Driscoll and Brian Mach
Game Notes
Klas Dahlbeck is injured at 8:13 of 3rd period (Broken Bone (Left Foot))
8:49 of 3rd period - Blackdemons goal is going for a video replay. After video review, No Goal. The attacking player has interfered with a goalkeeper in his goal crease.
Finance
Level 1 -- Attendance: 1506 (75.30%) -- Ticket Income $60,240
Level 2 -- Attendance: 806 (80.60%) -- Ticket Income $16,120
Total Attendance: 2312 (77.07%)
Total Ticket Income: $76,360
Other Income: $3,818
Total Income: $80,178
Influenza
5 vs 5 Forward
Center Left Wing Right Wing Time % Phy DF OF
1 Mark Scheifele T.J Galiardi Jeremy Morin 40 1 2 2
2 Charlie Coyle Jimmy Vesey Beau Bennett 30 1 2 2
3 Mark Olver Lane MacDermid Garnet Hathaway 20 1 2 2
4 Jordan Schroeder Johan Larsson Iiro Pakarinen 10 1 2 2
5 vs 5 Defense
Defense Defense Time % Phy DF OF
1 Mathieu Carle Tim Erixon 40 1 2 2
2 Matt Corrente Paul Ladue 30 1 2 2
3 Jeff May Dmitry Sinitsyn 20 1 2 2
4 Mathieu Carle Tim Erixon 10 1 2 2
PowerPlay Forward
Center Left Wing Right Wing Time % Phy DF OF
1 Mark Scheifele Lane MacDermid Jeremy Morin 60 1 2 2
2 Mark Olver Jimmy Vesey Beau Bennett 40 1 2 2
PowerPlay Defense
Defense Defense Time % Phy DF OF
1 Mathieu Carle Matt Corrente 60 1 2 2
2 Jeff May Paul Ladue 40 1 2 2
Penalty Kill 4 Players Forward
Center Wing Time % Phy DF OF
1 Mark Olver Jeremy Morin 60 1 2 2
2 Mark Scheifele Beau Bennett 40 1 2 2
Penalty Kill 4 Players Defense
Defense Defense Time % Phy DF OF
1 Mathieu Carle Jeff May 60 1 2 2
2 Matt Corrente Paul Ladue 40 1 2 2
Penalty Kill - 3 Players Forward
Forward Time % Phy DF OF
1 Mark Olver 60 1 2 2
2 Mark Scheifele 40 1 2 2
Penalty Kill - 3 Players Defense
Defense Defense Time % Phy DF OF
1 Mathieu Carle Jeff May 60 1 2 2
2 Matt Corrente Paul Ladue 40 1 2 2
4 vs 4 Forward
Center Wing Time % Phy DF OF
1 Mark Scheifele Jeremy Morin 60 1 2 2
2 Mark Olver Beau Bennett 40 1 2 2
4 vs 4 Defense
Defense Defense Time % Phy DF OF
1 Mathieu Carle Jeff May 60 1 2 2
2 Matt Corrente Paul Ladue 40 1 2 2
Last Minutes Offensive
Center Left Wing Right Wing Defense Defense
Mark Scheifele Jimmy Vesey Jeremy Morin Mathieu Carle Matt Corrente
Last Minutes Defensive
Center Left Wing Right Wing Defense Defense
Mark Scheifele Lane MacDermid Jeremy Morin Mathieu Carle Matt Corrente
Goaltenders
Starting : Thomas McCollum
Backup : Tyson Sexsmith
Extra Forwards
Normal : Garnet Hathaway, Jordan Schroeder, Iiro Pakarinen - PP : Garnet Hathaway, Jordan Schroeder - PK : Iiro Pakarinen
Extra Defensemen
Normal : Matt Corrente, Mathieu Carle, Jeff May - PP : Matt Corrente - PK : Mathieu Carle, Jeff May
Penalty Shots
Jeremy Morin, Mark Olver, Beau Bennett, Mark Scheifele, Garnet Hathaway
Scratches
Jacob Josefson (Healthy), Jamie Devane (Healthy), Joe Morrow (Healthy), Fredric Larsson (Healthy), Tom Kuhnhackl (Healthy)
Oskars Bartulis (Healthy), Rocco Grimaldi (Healthy), Ryan Sproul (Healthy), Josh Andrerson (Healthy), Jesse Graham (Healthy)
Vince Rocco (Healthy), Nikita Gusev (Healthy), Jamie Phillips (Healthy)
Blackdemons
5 vs 5 Forward
Center Left Wing Right Wing Time % Phy DF OF
1 Martin Hanzal Ronalds Kenins Ales Kotalik 37 0 2 3
2 Patrice Cormier Andy McDonald Branko Radivojevic 35 0 2 3
3 Kyle Rau Sergei Plotnikov Alexandre Grenier 20 1 2 2
4 Scott Timmins Blake Pietila Max Friberg 8 0 4 1
5 vs 5 Defense
Defense Defense Time % Phy DF OF
1 Keaton Ellerby Mathew Dumba 40 0 3 2
2 Roman Josi Calvin de Haan 35 0 3 2
3 Charles-Olivier Roussel Jeffrey Foss 20 1 2 2
4 Klas Dahlbeck Brett Kulak 5 1 3 1
PowerPlay Forward
Center Left Wing Right Wing Time % Phy DF OF
1 Martin Hanzal Ronalds Kenins Branko Radivojevic 55 0 1 4
2 Patrice Cormier Andy McDonald Ales Kotalik 45 0 1 4
PowerPlay Defense
Defense Defense Time % Phy DF OF
1 Keaton Ellerby Mathew Dumba 55 0 1 4
2 Roman Josi Calvin de Haan 45 0 1 4
Penalty Kill 4 Players Forward
Center Wing Time % Phy DF OF
1 Patrice Cormier Ronalds Kenins 60 0 5 0
2 Martin Hanzal Ales Kotalik 40 0 5 0
Penalty Kill 4 Players Defense
Defense Defense Time % Phy DF OF
1 Calvin de Haan Roman Josi 60 0 5 0
2 Keaton Ellerby Mathew Dumba 40 0 5 0
Penalty Kill - 3 Players Forward
Forward Time % Phy DF OF
1 Patrice Cormier 60 0 5 0
2 Max Friberg 40 0 5 0
Penalty Kill - 3 Players Defense
Defense Defense Time % Phy DF OF
1 Mathew Dumba Keaton Ellerby 60 0 5 0
2 Calvin de Haan Jeffrey Foss 40 0 5 0
4 vs 4 Forward
Center Wing Time % Phy DF OF
1 Martin Hanzal Branko Radivojevic 60 1 2 2
2 Patrice Cormier Max Friberg 40 1 2 2
4 vs 4 Defense
Defense Defense Time % Phy DF OF
1 Keaton Ellerby Mathew Dumba 60 1 2 2
2 Calvin de Haan Roman Josi 40 1 2 2
Last Minutes Offensive
Center Left Wing Right Wing Defense Defense
Martin Hanzal Andy McDonald Branko Radivojevic Keaton Ellerby Calvin de Haan
Last Minutes Defensive
Center Left Wing Right Wing Defense Defense
Patrice Cormier Andy McDonald Branko Radivojevic Mathew Dumba Calvin de Haan
Goaltenders
Starting : Matt Hackett
Backup : Laurent Brossoit
Extra Forwards
Normal : Ales Kotalik, Andy McDonald, Patrice Cormier - PP : Andy McDonald, Ales Kotalik - PK : Patrice Cormier
Extra Defensemen
Normal : Calvin de Haan, Mathew Dumba, Jeffrey Foss - PP : Mathew Dumba - PK : Mathew Dumba, Calvin de Haan
Penalty Shots
Martin Hanzal, Branko Radivojevic, Ronalds Kenins, Andy McDonald, Alexandre Grenier
Scratches
Colin Smith (Healthy), Jyrki Jokipakka (Healthy), Mackenzie MacEachern (Healthy), Reece Scarlett (Healthy), Ben Maxwell (Healthy)
Nicolas Deschamps (Healthy), Jacob Lagacé (Healthy), James Livingstone (Healthy), Alexander Salak (Healthy), Sami Aittokallio (Healthy)
% Time on Ice - Influenza
Lines # - Real PCT - Wanted PCT - Time Play
Normal Forward
1 - 34% - 40% - 16:05
2 - 30% - 30% - 14:31
3 - 19% - 20% - 9:19
4 - 17% - 10% - 7:54
Normal Defense
1 - 40% - 40% - 19:01
2 - 30% - 30% - 14:19
3 - 26% - 20% - 12:21
4 - 4% - 10% - 2:08
PP Forward
1 - 65% - 60% - 1:28
2 - 35% - 40% - 0:48
PP Defense
1 - 65% - 60% - 1:29
2 - 35% - 40% - 0:47
PK Forward
1 - 73% - 60% - 7:17
2 - 27% - 40% - 2:38
PK Defense
1 - 64% - 60% - 6:18
2 - 36% - 40% - 3:37
PK3 Forward
1 - 0% - 60%
2 - 0% - 40%
PK3 Defense
1 - 0% - 60%
2 - 0% - 40%
44 Forward
1 - 0% - 60%
2 - 0% - 40%
44 Defense
1 - 0% - 60%
2 - 0% - 40%
Last Minute Offensive - 0:00
Last Minute Defensive - 0:00
Total
Forward - 60:00
Defense - 60:00
|
% Time on Ice - Blackdemons
Lines # - Real PCT - Wanted PCT - Time Play
Normal Forward
1 - 30% - 37% - 14:30
2 - 26% - 35% - 12:17
3 - 29% - 20% - 13:38
4 - 15% - 8% - 7:24
Normal Defense
1 - 35% - 40% - 16:48
2 - 31% - 35% - 14:57
3 - 23% - 20% - 10:56
4 - 11% - 5% - 5:08
PP Forward
1 - 55% - 55% - 5:26
2 - 45% - 45% - 4:29
PP Defense
1 - 56% - 55% - 5:31
2 - 44% - 45% - 4:24
PK Forward
1 - 100% - 60% - 0:34
2 - 0% - 40% - 0:00
PK Defense
1 - 47% - 60% - 0:16
2 - 53% - 40% - 0:18
PK3 Forward
1 - 75% - 60% - 1:17
2 - 25% - 40% - 0:25
PK3 Defense
1 - 100% - 60% - 1:42
2 - 0% - 40% - 0:00
44 Forward
1 - 0% - 60%
2 - 0% - 40%
44 Defense
1 - 0% - 60%
2 - 0% - 40%
Last Minute Offensive - 0:00
Last Minute Defensive - 0:00
Total
Forward - 60:00
Defense - 60:00
|
Play by Play
1st period
0:01 of 1st period - Martin Hanzal wins face-off versus Mark Scheifele in neutral zone.
0:33 of 1st period - Snap shot by Keaton Ellerby.
0:33 of 1st period - Shot Blocked by Mathieu Carle.
0:35 of 1st period - Snap shot by Patrice Cormier.
0:35 of 1st period - Shot Blocked by Jimmy Vesey.
1:35 of 1st period - Wrist shot by Ales Kotalik.
1:35 of 1st period - Stopped by Thomas McCollum with a rebound.
1:37 of 1st period - Slapshot by Calvin de Haan.
1:37 of 1st period - Stopped by Thomas McCollum without a rebound.
1:38 of 1st period - Beau Bennett wins face-off versus Patrice Cormier in Influenza zone.
2:03 of 1st period - Ronalds Kenins is hit by T.J Galiardi and loses puck.
2:12 of 1st period - Paul Ladue is hit by Ronalds Kenins and loses puck.
2:27 of 1st period - Wrist shot by Garnet Hathaway.
2:27 of 1st period - Shot Blocked by Kyle Rau.
2:30 of 1st period - Icing by Keaton Ellerby.
2:31 of 1st period - Kyle Rau wins face-off versus Charlie Coyle in Blackdemons zone.
2:31 of 1st period - Kyle Rau is hit by Mathieu Carle.
2:41 of 1st period - Keaton Ellerby is hit by Tim Erixon and loses puck.
3:00 of 1st period - Slapshot by Sergei Plotnikov.
3:00 of 1st period - Stopped by Thomas McCollum with a rebound.
3:02 of 1st period - Snap shot by Sergei Plotnikov.
3:02 of 1st period - Shot Misses the Net.
3:04 of 1st period - Slapshot by Keaton Ellerby.
3:04 of 1st period - Deflect By Sergei Plotnikov.
3:04 of 1st period - Shot Blocked by Tim Erixon.
3:04 of 1st period - Puck is out of play.
3:05 of 1st period - Branko Radivojevic wins face-off versus Mark Olver in Influenza zone.
3:20 of 1st period - Wrist shot by Garnet Hathaway.
3:20 of 1st period - Shot Misses the Net.
3:30 of 1st period - T.J Galiardi is hit by Ronalds Kenins and loses puck.
4:01 of 1st period - Snap shot by Scott Timmins.
4:01 of 1st period - Shot Blocked by Charlie Coyle.
4:19 of 1st period - Wrist shot by Jordan Schroeder.
4:19 of 1st period - Shot Blocked by Klas Dahlbeck.
4:21 of 1st period - Slapshot by Jeff May.
4:21 of 1st period - Stopped by Matt Hackett with a rebound.
4:23 of 1st period - Slapshot by Dmitry Sinitsyn.
4:23 of 1st period - Shot Blocked by Kyle Rau.
5:18 of 1st period - Slapshot by Beau Bennett.
5:18 of 1st period - Stopped by Matt Hackett without a rebound.
5:19 of 1st period - Patrice Cormier wins face-off versus Charlie Coyle in Blackdemons zone.
5:25 of 1st period - Slapshot by Beau Bennett.
5:25 of 1st period - Shot Misses the Net.
5:27 of 1st period - Slapshot by Paul Ladue.
5:27 of 1st period - Stopped by Matt Hackett with a rebound.
5:42 of 1st period - Icing by Charlie Coyle.
5:43 of 1st period - Mark Scheifele wins face-off versus Martin Hanzal in Influenza zone.
5:50 of 1st period - Wrist shot by T.J Galiardi.
5:50 of 1st period - Stopped by Matt Hackett with a rebound.
6:35 of 1st period - Snap shot by Sergei Plotnikov.
6:35 of 1st period - Stopped by Thomas McCollum without a rebound.
6:36 of 1st period - Mark Scheifele wins face-off versus Kyle Rau in Influenza zone.
6:47 of 1st period - Slapshot by Keaton Ellerby.
6:47 of 1st period - Shot Misses the Net.
7:09 of 1st period - Wrist shot by Ales Kotalik.
7:09 of 1st period - Shot Blocked by Tim Erixon.
7:11 of 1st period - Wrist shot by Ronalds Kenins.
7:11 of 1st period - Shot Blocked by Tim Erixon.
7:54 of 1st period - Wrist shot by Garnet Hathaway.
7:54 of 1st period - Stopped by Matt Hackett with a rebound.
8:06 of 1st period - Snap shot by Mark Scheifele.
8:06 of 1st period - Shot Misses the Net.
8:08 of 1st period - Slapshot by T.J Galiardi.
8:08 of 1st period - Shot Misses the Net.
8:10 of 1st period - Slapshot by Jeremy Morin.
8:10 of 1st period - Stopped by Matt Hackett with a rebound.
8:12 of 1st period - Wrist shot by T.J Galiardi.
8:12 of 1st period - Shot Blocked by Jeffrey Foss.
8:14 of 1st period - Snap shot by T.J Galiardi.
8:14 of 1st period - Stopped by Matt Hackett with a rebound.
8:39 of 1st period - Icing by Beau Bennett.
8:40 of 1st period - Charlie Coyle wins face-off versus Patrice Cormier in Influenza zone.
8:40 of 1st period - Charlie Coyle is hit by Keaton Ellerby.
8:56 of 1st period - Snap shot by Jimmy Vesey.
8:56 of 1st period - Deflect By Beau Bennett.
8:56 of 1st period - Stopped by Matt Hackett without a rebound.
8:57 of 1st period - Mark Scheifele wins face-off versus Scott Timmins in Blackdemons zone.
9:16 of 1st period - Tim Erixon is hit by Blake Pietila and loses puck.
9:56 of 1st period - Martin Hanzal is hit by Iiro Pakarinen and loses puck.
10:53 of 1st period - Slapshot by Jeff May.
10:53 of 1st period - Shot Misses the Net.
10:59 of 1st period - Wrist shot by Lane MacDermid.
10:59 of 1st period - Shot Misses the Net.
11:12 of 1st period - Slapshot by Roman Josi.
11:12 of 1st period - Deflect By Ales Kotalik.
11:12 of 1st period - Shot Blocked by Dmitry Sinitsyn.
11:12 of 1st period - Puck is out of play.
11:13 of 1st period - Martin Hanzal wins face-off versus Jordan Schroeder in Influenza zone.
11:16 of 1st period - Wrist shot by Ales Kotalik.
11:16 of 1st period - Stopped by Thomas McCollum with a rebound.
11:38 of 1st period - T.J Galiardi is hit by Mathew Dumba and loses puck.
11:43 of 1st period - Slapshot by Patrice Cormier.
11:43 of 1st period - Stopped by Thomas McCollum with a rebound.
11:45 of 1st period - Slapshot by Patrice Cormier.
11:45 of 1st period - Goal by Patrice Cormier - Influenza : 0 - Blackdemons : 1.
11:46 of 1st period - Mark Scheifele wins face-off versus Patrice Cormier in neutral zone.
11:53 of 1st period - Snap shot by Mark Scheifele.
11:53 of 1st period - Stopped by Matt Hackett with a rebound.
12:03 of 1st period - Mark Scheifele is hit by Andy McDonald.
12:12 of 1st period - Icing by Keaton Ellerby.
12:13 of 1st period - Martin Hanzal wins face-off versus Charlie Coyle in Blackdemons zone.
12:17 of 1st period - Minor Penalty to Beau Bennett for Hooking.
12:18 of 1st period - Martin Hanzal wins face-off versus Mark Olver in Influenza zone.
14:17 of 1st period - Penalty to Beau Bennett is over, Beau Bennett is back on ice.
14:22 of 1st period - Beau Bennett is hit by Martin Hanzal and loses puck.
14:53 of 1st period - Snap shot by Keaton Ellerby.
14:53 of 1st period - Stopped by Thomas McCollum with a rebound.
14:55 of 1st period - Slapshot by Mathew Dumba.
14:55 of 1st period - Shot Misses the Net.
14:57 of 1st period - Snap shot by Max Friberg.
14:57 of 1st period - Shot Misses the Net.
14:59 of 1st period - Slapshot by Mathew Dumba.
14:59 of 1st period - Stopped by Thomas McCollum with a rebound.
15:09 of 1st period - Alexandre Grenier is hit by Mark Scheifele and loses puck.
16:12 of 1st period - Snap shot by Lane MacDermid.
16:12 of 1st period - Stopped by Matt Hackett with a rebound.
16:14 of 1st period - Wrist shot by Lane MacDermid.
16:14 of 1st period - Stopped by Matt Hackett without a rebound.
16:15 of 1st period - Kyle Rau wins face-off versus Mark Olver in Blackdemons zone.
16:24 of 1st period - Slapshot by Calvin de Haan.
16:24 of 1st period - Stopped by Thomas McCollum with a rebound.
16:38 of 1st period - T.J Galiardi is hit by Roman Josi and loses puck.
16:53 of 1st period - Wrist shot by Beau Bennett.
16:53 of 1st period - Stopped by Matt Hackett with a rebound.
16:55 of 1st period - Slapshot by Matt Corrente.
16:55 of 1st period - Stopped by Matt Hackett with a rebound.
16:57 of 1st period - Slapshot by Matt Corrente.
16:57 of 1st period - Shot Blocked by Brett Kulak.
16:59 of 1st period - Wrist shot by Charlie Coyle.
16:59 of 1st period - Stopped by Matt Hackett with a rebound.
17:01 of 1st period - Wrist shot by Beau Bennett.
17:01 of 1st period - Stopped by Matt Hackett with a rebound.
17:03 of 1st period - Wrist shot by Beau Bennett.
17:03 of 1st period - Stopped by Matt Hackett with a rebound.
17:23 of 1st period - Slapshot by Max Friberg.
17:23 of 1st period - Shot Blocked by Mathieu Carle.
17:59 of 1st period - Off-side.
18:00 of 1st period - Mark Olver wins face-off versus Patrice Cormier in neutral zone.
18:21 of 1st period - Andy McDonald is hit by Lane MacDermid and loses puck.
18:56 of 1st period - Snap shot by Branko Radivojevic.
18:56 of 1st period - Stopped by Thomas McCollum with a rebound.
18:58 of 1st period - Snap shot by Branko Radivojevic.
18:58 of 1st period - Shot Misses the Net.
19:00 of 1st period - Wrist shot by Patrice Cormier.
19:00 of 1st period - Shot Misses the Net.
19:02 of 1st period - Slapshot by Roman Josi.
19:02 of 1st period - Deflect By Mark Olver.
19:02 of 1st period - Stopped by Thomas McCollum with a rebound.
19:04 of 1st period - Slapshot by Branko Radivojevic.
19:04 of 1st period - Shot Misses the Net.
19:06 of 1st period - Snap shot by Patrice Cormier.
19:06 of 1st period - Deflect By Branko Radivojevic.
19:06 of 1st period - Shot Misses the Net.
19:06 of 1st period - Puck is out of play.
19:07 of 1st period - Mark Scheifele wins face-off versus Martin Hanzal in Influenza zone.
19:41 of 1st period - Backhand shot by Iiro Pakarinen.
19:41 of 1st period - Shot Blocked by Keaton Ellerby.
19:43 of 1st period - Snap shot by Jordan Schroeder.
19:43 of 1st period - Stopped by Matt Hackett with a rebound.
Goals for this period are 0 for Influenza vs 1 for Blackdemons.
Shots for this period are 17 for Influenza vs 12 for Blackdemons.
2nd period
0:01 of 2nd period - Martin Hanzal wins face-off versus Mark Scheifele in neutral zone.
0:13 of 2nd period - Jeremy Morin is hit by Ales Kotalik and loses puck.
0:35 of 2nd period - Wrist shot by Branko Radivojevic.
0:35 of 2nd period - Shot Misses the Net.
0:37 of 2nd period - Wrist shot by Patrice Cormier.
0:37 of 2nd period - Stopped by Thomas McCollum with a rebound.
0:39 of 2nd period - Snap shot by Branko Radivojevic.
0:39 of 2nd period - Shot Misses the Net.
1:29 of 2nd period - Tim Erixon is hit by Ronalds Kenins and loses puck.
2:00 of 2nd period - Wrist shot by Branko Radivojevic.
2:00 of 2nd period - Stopped by Thomas McCollum with a rebound.
2:02 of 2nd period - Wrist shot by Branko Radivojevic.
2:02 of 2nd period - Shot Blocked by Tim Erixon.
2:04 of 2nd period - Snap shot by Andy McDonald.
2:04 of 2nd period - Stopped by Thomas McCollum without a rebound.
2:05 of 2nd period - Kyle Rau wins face-off versus Beau Bennett in Influenza zone.
2:08 of 2nd period - Wrist shot by Sergei Plotnikov.
2:08 of 2nd period - Shot Misses the Net.
2:24 of 2nd period - Keaton Ellerby is hit by Jimmy Vesey and loses puck.
2:37 of 2nd period - Wrist shot by Ales Kotalik.
2:37 of 2nd period - Stopped by Thomas McCollum without a rebound.
2:38 of 2nd period - Mark Scheifele wins face-off versus Martin Hanzal in Influenza zone.
2:45 of 2nd period - Wrist shot by Martin Hanzal.
2:45 of 2nd period - Stopped by Thomas McCollum without a rebound.
2:46 of 2nd period - Mark Scheifele wins face-off versus Martin Hanzal in Influenza zone.
2:46 of 2nd period - Mark Scheifele is hit by Ales Kotalik.
2:49 of 2nd period - Minor Penalty to Tim Erixon for Delaying the game.
2:50 of 2nd period - Martin Hanzal wins face-off versus Jeremy Morin in Influenza zone.
3:04 of 2nd period - Snap shot by Ronalds Kenins.
3:04 of 2nd period - Shot Misses the Net.
3:06 of 2nd period - Slapshot by Mathew Dumba.
3:06 of 2nd period - Shot Blocked by Mark Olver.
4:49 of 2nd period - Penalty to Tim Erixon is over, Tim Erixon is back on ice.
4:58 of 2nd period - Icing by Jeff May.
4:59 of 2nd period - Kyle Rau wins face-off versus Charlie Coyle in Influenza zone.
5:02 of 2nd period - Wrist shot by Kyle Rau.
5:02 of 2nd period - Stopped by Thomas McCollum with a rebound.
6:30 of 2nd period - Slapshot by Alexandre Grenier.
6:30 of 2nd period - Stopped by Thomas McCollum with a rebound.
6:48 of 2nd period - Snap shot by Beau Bennett.
6:48 of 2nd period - Shot Misses the Net.
6:58 of 2nd period - Slapshot by Alexandre Grenier.
6:58 of 2nd period - Shot Misses the Net.
7:00 of 2nd period - Snap shot by Alexandre Grenier.
7:00 of 2nd period - Stopped by Thomas McCollum with a rebound.
7:21 of 2nd period - Wrist shot by Alexandre Grenier.
7:21 of 2nd period - Deflect By Sergei Plotnikov.
7:21 of 2nd period - Stopped by Thomas McCollum with a rebound.
7:23 of 2nd period - Snap shot by Jeffrey Foss.
7:23 of 2nd period - Shot Blocked by Jeff May.
8:25 of 2nd period - Snap shot by Alexandre Grenier.
8:25 of 2nd period - Stopped by Thomas McCollum with a rebound.
8:27 of 2nd period - Snap shot by Sergei Plotnikov.
8:27 of 2nd period - Stopped by Thomas McCollum with a rebound.
8:29 of 2nd period - Backhand shot by Sergei Plotnikov.
8:29 of 2nd period - Shot Misses the Net.
8:31 of 2nd period - Wrist shot by Sergei Plotnikov.
8:31 of 2nd period - Shot Misses the Net.
8:33 of 2nd period - Slapshot by Sergei Plotnikov.
8:33 of 2nd period - Goal by Sergei Plotnikov - Influenza : 0 - Blackdemons : 2.
8:34 of 2nd period - Ronalds Kenins wins face-off versus Jeremy Morin in neutral zone.
8:45 of 2nd period - Slapshot by Mark Scheifele.
8:45 of 2nd period - Goal by Mark Scheifele - Influenza : 1 - Blackdemons : 2.
8:46 of 2nd period - Mark Scheifele wins face-off versus Martin Hanzal in neutral zone.
8:59 of 2nd period - Wrist shot by Jeremy Morin.
8:59 of 2nd period - Shot Blocked by Keaton Ellerby.
9:01 of 2nd period - Wrist shot by Mark Scheifele.
9:01 of 2nd period - Shot Blocked by Mathew Dumba.
9:13 of 2nd period - Icing by Martin Hanzal.
9:14 of 2nd period - Martin Hanzal wins face-off versus Jordan Schroeder in Blackdemons zone.
9:21 of 2nd period - Wrist shot by Martin Hanzal.
9:21 of 2nd period - Stopped by Thomas McCollum with a rebound.
9:53 of 2nd period - Wrist shot by Ales Kotalik.
9:53 of 2nd period - Shot Misses the Net.
9:55 of 2nd period - Snap shot by Martin Hanzal.
9:55 of 2nd period - Shot Blocked by Paul Ladue.
10:27 of 2nd period - Wrist shot by Martin Hanzal.
10:27 of 2nd period - Stopped by Thomas McCollum with a rebound.
10:29 of 2nd period - Snap shot by Roman Josi.
10:29 of 2nd period - Shot Misses the Net.
10:31 of 2nd period - Snap shot by Martin Hanzal.
10:31 of 2nd period - Stopped by Thomas McCollum without a rebound.
10:32 of 2nd period - Patrice Cormier wins face-off versus Mark Scheifele in Influenza zone.
10:39 of 2nd period - Wrist shot by Mark Scheifele.
10:39 of 2nd period - Shot Misses the Net.
10:41 of 2nd period - Slapshot by Tim Erixon.
10:41 of 2nd period - Shot Blocked by Keaton Ellerby.
10:43 of 2nd period - Snap shot by Jeremy Morin.
10:43 of 2nd period - Stopped by Matt Hackett with a rebound.
10:45 of 2nd period - Snap shot by T.J Galiardi.
10:45 of 2nd period - Stopped by Matt Hackett with a rebound.
11:09 of 2nd period - Snap shot by Mark Olver.
11:09 of 2nd period - Deflect By Garnet Hathaway.
11:09 of 2nd period - Stopped by Matt Hackett without a rebound.
11:10 of 2nd period - Patrice Cormier wins face-off versus Mark Olver in Blackdemons zone.
11:15 of 2nd period - Wrist shot by Garnet Hathaway.
11:15 of 2nd period - Shot Blocked by Calvin de Haan.
11:21 of 2nd period - Branko Radivojevic is hit by Tim Erixon and loses puck.
11:34 of 2nd period - Scott Timmins is hit by Paul Ladue and loses puck.
11:38 of 2nd period - Icing by Klas Dahlbeck.
11:39 of 2nd period - Mark Scheifele wins face-off versus Scott Timmins in Blackdemons zone.
11:40 of 2nd period - Wrist shot by T.J Galiardi.
11:40 of 2nd period - Shot Blocked by Klas Dahlbeck.
11:50 of 2nd period - Snap shot by Max Friberg.
11:50 of 2nd period - Shot Misses the Net.
12:06 of 2nd period - Brett Kulak is hit by Mark Scheifele and loses puck.
12:33 of 2nd period - Slapshot by Keaton Ellerby.
12:33 of 2nd period - Shot Misses the Net.
12:38 of 2nd period - Minor Penalty to Jeremy Morin for High sticking.
12:39 of 2nd period - Martin Hanzal wins face-off versus Mark Olver in Influenza zone.
12:49 of 2nd period - Matt Corrente is hit by Martin Hanzal and loses puck.
14:06 of 2nd period - Iiro Pakarinen is hit by Ales Kotalik and loses puck.
14:27 of 2nd period - Martin Hanzal is hit by Johan Larsson.
14:38 of 2nd period - Penalty to Jeremy Morin is over, Jeremy Morin is back on ice.
14:43 of 2nd period - Mathew Dumba is hit by Mathieu Carle.
14:49 of 2nd period - Slapshot by Beau Bennett.
14:49 of 2nd period - Stopped by Matt Hackett without a rebound.
14:50 of 2nd period - Kyle Rau wins face-off versus Charlie Coyle in Blackdemons zone.
14:50 of 2nd period - Kyle Rau is hit by Beau Bennett.
15:25 of 2nd period - Slapshot by Max Friberg.
15:25 of 2nd period - Deflect By Blake Pietila.
15:25 of 2nd period - Stopped by Thomas McCollum without a rebound.
15:26 of 2nd period - Patrice Cormier wins face-off versus Mark Olver in Influenza zone.
15:29 of 2nd period - Wrist shot by Andy McDonald.
15:29 of 2nd period - Stopped by Thomas McCollum with a rebound.
16:41 of 2nd period - Wrist shot by Andy McDonald.
16:41 of 2nd period - Shot Misses the Net.
17:35 of 2nd period - Snap shot by Branko Radivojevic.
17:35 of 2nd period - Shot Blocked by Mathieu Carle.
17:37 of 2nd period - Slapshot by Andy McDonald.
17:37 of 2nd period - Stopped by Thomas McCollum with a rebound.
17:56 of 2nd period - Minor Penalty to Keaton Ellerby for Tripping.
17:57 of 2nd period - Mark Scheifele wins face-off versus Patrice Cormier in Blackdemons zone.
17:57 of 2nd period - Snap shot by Lane MacDermid.
17:57 of 2nd period - Stopped by Matt Hackett without a rebound.
17:58 of 2nd period - Mark Scheifele wins face-off versus Ronalds Kenins in Blackdemons zone.
17:59 of 2nd period - Snap shot by Jeremy Morin.
17:59 of 2nd period - Stopped by Matt Hackett with a rebound.
18:01 of 2nd period - Snap shot by Mark Scheifele.
18:01 of 2nd period - Shot Misses the Net.
18:03 of 2nd period - Snap shot by Lane MacDermid.
18:03 of 2nd period - Shot Hit the Post.
18:05 of 2nd period - Slapshot by Mathieu Carle.
18:05 of 2nd period - Stopped by Matt Hackett with a rebound.
18:09 of 2nd period - Wrist shot by Mark Scheifele.
18:09 of 2nd period - Shot Misses the Net.
18:11 of 2nd period - Slapshot by Paul Ladue.
18:11 of 2nd period - Shot Blocked by Patrice Cormier.
18:13 of 2nd period - Wrist shot by Mark Scheifele.
18:13 of 2nd period - Stopped by Matt Hackett without a rebound.
18:13 of 2nd period - Minor Penalty to Matt Hackett for Delaying the game.
18:14 of 2nd period - Mark Scheifele wins face-off versus Patrice Cormier in Blackdemons zone.
18:23 of 2nd period - Wrist shot by Jeremy Morin.
18:23 of 2nd period - Shot Misses the Net.
19:39 of 2nd period - Mathieu Carle is hit by Max Friberg and loses puck.
19:56 of 2nd period - Penalty to Keaton Ellerby is over, Keaton Ellerby is back on ice.
Goals for this period are 1 for Influenza vs 1 for Blackdemons.
Shots for this period are 9 for Influenza vs 18 for Blackdemons.
3rd period
0:01 of 3rd period - Mark Scheifele wins face-off versus Patrice Cormier in neutral zone.
0:08 of 3rd period - Snap shot by Mathieu Carle.
0:08 of 3rd period - Shot Misses the Net.
0:13 of 3rd period - Penalty to Mathew Dumba is over, Mathew Dumba is back on ice.
0:43 of 3rd period - Minor Penalty to Jeff May for Tripping.
0:44 of 3rd period - Martin Hanzal wins face-off versus Mark Olver in Influenza zone.
0:45 of 3rd period - Snap shot by Branko Radivojevic.
0:45 of 3rd period - Stopped by Thomas McCollum with a rebound.
0:47 of 3rd period - Slapshot by Branko Radivojevic.
0:47 of 3rd period - Shot Misses the Net.
0:55 of 3rd period - Slapshot by Ronalds Kenins.
0:55 of 3rd period - Stopped by Thomas McCollum with a rebound.
1:09 of 3rd period - Keaton Ellerby is hit by Mathieu Carle and loses puck.
2:43 of 3rd period - Penalty to Jeff May is over, Jeff May is back on ice.
2:50 of 3rd period - Slapshot by Beau Bennett.
2:50 of 3rd period - Shot Blocked by Keaton Ellerby.
3:35 of 3rd period - T.J Galiardi is hit by Charles-Olivier Roussel.
3:41 of 3rd period - Alexandre Grenier is hit by T.J Galiardi and loses puck.
3:56 of 3rd period - Branko Radivojevic is hit by Mathieu Carle and loses puck.
4:15 of 3rd period - Max Friberg is hit by Johan Larsson and loses puck.
5:18 of 3rd period - Wrist shot by Iiro Pakarinen.
5:18 of 3rd period - Shot Blocked by Jeffrey Foss.
5:20 of 3rd period - Slapshot by Jeff May.
5:20 of 3rd period - Stopped by Matt Hackett with a rebound.
5:35 of 3rd period - Minor Penalty to Beau Bennett for Hooking.
5:36 of 3rd period - Mark Olver wins face-off versus Martin Hanzal in Influenza zone.
5:44 of 3rd period - Jeremy Morin is hit by Mathew Dumba and loses puck.
6:25 of 3rd period - Paul Ladue is hit by Branko Radivojevic and loses puck.
6:56 of 3rd period - Mathieu Carle is hit by Roman Josi and loses puck.
7:35 of 3rd period - Penalty to Beau Bennett is over, Beau Bennett is back on ice.
7:46 of 3rd period - Kyle Rau is hit by Beau Bennett and loses puck.
8:12 of 3rd period - Klas Dahlbeck is hit by Lane MacDermid and loses puck.
8:13 of 3rd period - Klas Dahlbeck from Blackdemons is injured at 8:13 of 3rd period (Broken Bone (Left Foot)).
8:14 of 3rd period - Patrice Cormier wins face-off versus Mark Scheifele in Blackdemons zone.
8:21 of 3rd period - Wrist shot by Jeremy Morin.
8:21 of 3rd period - Shot Blocked by Keaton Ellerby.
8:23 of 3rd period - Slapshot by Tim Erixon.
8:23 of 3rd period - Stopped by Matt Hackett with a rebound.
8:25 of 3rd period - Slapshot by Mark Scheifele.
8:25 of 3rd period - Stopped by Matt Hackett without a rebound.
8:26 of 3rd period - Patrice Cormier wins face-off versus Mark Scheifele in Blackdemons zone.
8:37 of 3rd period - Snap shot by Patrice Cormier.
8:37 of 3rd period - Stopped by Thomas McCollum without a rebound.
8:38 of 3rd period - Martin Hanzal wins face-off versus Mark Scheifele in Influenza zone.
8:47 of 3rd period - Snap shot by Ronalds Kenins.
8:47 of 3rd period - Stopped by Thomas McCollum with a rebound.
8:49 of 3rd period - Wrist shot by Ronalds Kenins.
8:49 of 3rd period - Blackdemons goal is going for a video replay.
8:49 of 3rd period - The goal is refused. The attacking player has interfered with a goalkeeper in his goal crease..
8:50 of 3rd period - T.J Galiardi wins face-off versus Patrice Cormier in Influenza zone.
9:14 of 3rd period - Icing by Mathieu Carle.
9:15 of 3rd period - Ales Kotalik wins face-off versus Mark Olver in Influenza zone.
9:18 of 3rd period - Snap shot by Ales Kotalik.
9:18 of 3rd period - Shot Blocked by Lane MacDermid.
9:20 of 3rd period - Snap shot by Ronalds Kenins.
9:20 of 3rd period - Goal by Ronalds Kenins - Influenza : 1 - Blackdemons : 3.
9:21 of 3rd period - Martin Hanzal wins face-off versus Mark Scheifele in neutral zone.
10:09 of 3rd period - Snap shot by Iiro Pakarinen.
10:09 of 3rd period - Stopped by Matt Hackett without a rebound.
10:10 of 3rd period - Kyle Rau wins face-off versus Jordan Schroeder in Blackdemons zone.
10:10 of 3rd period - Kyle Rau is hit by Johan Larsson.
10:36 of 3rd period - Roman Josi is hit by Jeremy Morin and loses puck.
10:43 of 3rd period - T.J Galiardi is hit by Martin Hanzal and loses puck.
12:09 of 3rd period - Off-side.
12:10 of 3rd period - Patrice Cormier wins face-off versus Mark Scheifele in neutral zone.
12:22 of 3rd period - Wrist shot by T.J Galiardi.
12:22 of 3rd period - Deflect By Jeffrey Foss.
12:22 of 3rd period - Stopped by Matt Hackett with a rebound.
12:24 of 3rd period - Slapshot by Dmitry Sinitsyn.
12:24 of 3rd period - Deflect By T.J Galiardi.
12:24 of 3rd period - Shot Hit the Post.
12:24 of 3rd period - Puck is out of play.
12:25 of 3rd period - Martin Hanzal wins face-off versus Mark Scheifele in Blackdemons zone.
12:25 of 3rd period - Martin Hanzal is hit by Paul Ladue.
12:36 of 3rd period - Ales Kotalik is hit by Jeremy Morin and loses puck.
12:49 of 3rd period - Paul Ladue is hit by Branko Radivojevic and loses puck.
12:58 of 3rd period - Keaton Ellerby is hit by Jimmy Vesey and loses puck.
13:37 of 3rd period - Slapshot by Calvin de Haan.
13:37 of 3rd period - Shot Blocked by Mark Scheifele.
13:53 of 3rd period - Snap shot by Iiro Pakarinen.
13:53 of 3rd period - Shot Misses the Net.
13:55 of 3rd period - Slapshot by Jordan Schroeder.
13:55 of 3rd period - Stopped by Matt Hackett with a rebound.
13:57 of 3rd period - Slapshot by Jeff May.
13:57 of 3rd period - Stopped by Matt Hackett without a rebound.
13:58 of 3rd period - Patrice Cormier wins face-off versus Charlie Coyle in Blackdemons zone.
15:52 of 3rd period - Dmitry Sinitsyn is hit by Ales Kotalik.
15:56 of 3rd period - Jeff May is hit by Ronalds Kenins and loses puck.
16:04 of 3rd period - Icing by Jeff May.
16:05 of 3rd period - Patrice Cormier wins face-off versus Mark Scheifele in Influenza zone.
16:21 of 3rd period - T.J Galiardi is hit by Roman Josi and loses puck.
16:41 of 3rd period - Wrist shot by Mark Olver.
16:41 of 3rd period - Shot Misses the Net.
16:59 of 3rd period - Slapshot by Beau Bennett.
16:59 of 3rd period - Shot Blocked by Ronalds Kenins.
17:31 of 3rd period - Andy McDonald is hit by Tim Erixon and loses puck.
17:42 of 3rd period - Slapshot by Roman Josi.
17:42 of 3rd period - Shot Misses the Net.
17:50 of 3rd period - Slapshot by Matt Corrente.
17:50 of 3rd period - Shot Misses the Net.
17:52 of 3rd period - Wrist shot by Jeremy Morin.
17:52 of 3rd period - Stopped by Matt Hackett without a rebound.
17:53 of 3rd period - Mark Olver wins face-off versus Patrice Cormier in Blackdemons zone.
17:56 of 3rd period - Snap shot by Lane MacDermid.
17:56 of 3rd period - Stopped by Matt Hackett with a rebound.
18:20 of 3rd period - Martin Hanzal is hit by Matt Corrente and loses puck.
18:35 of 3rd period - Charles-Olivier Roussel is hit by Beau Bennett and loses puck.
19:16 of 3rd period - Ales Kotalik is hit by Jeremy Morin and loses puck.
Goals for this period are 0 for Influenza vs 1 for Blackdemons.
Shots for this period are 9 for Influenza vs 6 for Blackdemons.
Back to the Top